Map: Jagannatha LE

Players

CHEESEBURGER

  • Race: Protoss Protoss
  • Spawn Location: 7:00

Pumba - Winner!

  • Race: Zerg Zerg
  • League: Gold
  • Spawn Location: 1:00

VOD

Have the link to the VOD?

Description

Time

  • Played on: Aug. 3, 2021, 8:02 p.m.
  • Length: 13:22
Show
View Real Time Build Order
Export as new Build Order

CHEESEBURGER Protoss 

Build Orders:  

Get SALT Encoding   

  12  0:00  Probe  
  13  0:12  Probe  
  14  0:22  Pylon  
  14  0:24  Probe  
  15  0:40  Probe  
  16  0:44  Gateway  
  16  0:50  Assimilator  
  16  0:52  Probe  
  17  1:05  Probe  
  18  1:17  Probe  
  19  1:32  Cybernetics Core  
  19  1:36  Probe, Pylon  
  19  1:39  Zealot  
  22  1:48  Probe  
  23  1:57  Nexus  
  23  2:02  Probe  
  23  2:08  Warp Gate  
  24  2:13  Gateway  
  24  2:19  Assimilator  
  24  2:20  Probe  
  25  2:32  Probe  
  25  2:36  Stalker  
  28  2:44  Probe  
  28  2:46  Pylon  
  29  2:55  Pylon  
  29  3:04  Probe  
  30  3:17  Robotics Facility  
  30  3:19  Probe x2  
  32  3:29  Gateway  
  32  3:31  Probe x2  
  34  3:37  Forge  
  34  3:43  Probe x2  
  36  3:56  Stalker x2  
  36  3:58  Probe x2  
  36  4:02  Protoss Ground Weapons Level 1 (Chrono Boost)  
  42  4:06  Immortal  
  46  4:14  Probe x2  
  48  4:22  Assimilator  
  48  4:26  Probe x2  
  48  4:27  Sentry x2  
  54  4:38  Probe x2  
  56  4:46  Immortal (Chrono Boost)  
  56  4:47  Pylon  
  60  4:53  Pylon  
  60  4:55  Probe  
  60  4:56  Probe  
  60  4:59  Assimilator  
  62  5:10  Probe x2  
  64  5:16  Stalker x2  
  64  5:17  Warp Prism (Chrono Boost)  
  70  5:23  Gateway  
  70  5:24  Gateway  
  70  5:30  Sentry  
  72  5:48  Probe x2  
  74  6:02  Stalker x2  
  78  6:10  Protoss Ground Armor Level 1  
  78  6:33  Pylon  
  78  6:35  Pylon  
  78  6:37  Pylon  
  78  6:40  Pylon  
  78  6:48  Immortal (Chrono Boost), Pylon  
  78  6:51  Pylon  
  82  6:55  Gateway  
  82  6:57  Gateway  
  82  6:59  Gateway  
  82  7:01  Twilight Council  
  82  7:03  Sentry  
  82  7:04  Stalker x4  
  92  7:15  Probe x2  
  94  7:20  Nexus  
  94  7:28  Zealot  
  94  7:29  Zealot x4  
  104  7:58  Stalker x5  
  90  7:59  Stalker x3  
  68  8:21  Stalker  
  68  8:22  Stalker x6  
  68  8:26  Immortal  
  80  8:28  Protoss Ground Weapons Level 2 (Chrono Boost)  
  80  8:30  Probe x2  
  86  8:42  Probe x2  
  88  8:50  Probe  
  88  8:54  Sentry x2  
  88  8:55  Sentry  
  95  8:57  Sentry  
  95  8:58  Sentry  
  99  9:03  Zealot x3  
  99  9:04  Blink (Chrono Boost)  
  105  9:11  Immortal (Chrono Boost)  
  109  9:18  Probe x3  
  109  9:21  Assimilator  
  112  9:31  Probe  
  112  9:32  Probe x2  
  112  9:37  Pylon  
  115  9:40  Pylon  
  115  9:43  Assimilator  
  115  9:45  Probe x3  
  117  9:47  Pylon  
  118  9:55  Stalker x4  
  118  9:56  Zealot, Stalker  
  116  10:22  Stalker x3  
  116  10:23  Stalker x5  
  132  10:28  Immortal  
  136  10:53  Stalker  
  136  10:54  Stalker x5  
  138  11:25  Stalker x5  
  128  11:26  Stalker x3  
  86  11:49  Sentry x3  
  86  11:50  Sentry  
  86  11:52  Stalker x4  
  102  12:14  Nexus  
  102  12:16  Pylon  
  102  12:18  Pylon  
  100  12:24  Stalker  
  100  12:25  Stalker x4  
  100  12:26  Stalker x2  
Show
View Real Time Build Order
Export as new Build Order

Pumba Zerg - Winner!

Build Orders: Pool First, Roach Hydra 

Get SALT Encoding   

  12  0:00  Drone  
  13  0:13  Overlord  
  13  0:16  Drone  
  14  0:32  Drone x2  
  16  0:37  Drone  
  17  0:46  Spawning Pool  
  17  0:49  Drone  
  17  1:10  Hatchery  
  16  1:13  Drone  
  17  1:19  Drone  
  17  1:20  Extractor  
  17  1:30  Drone  
  17  1:31  Drone  
  19  1:37  Queen  
  21  1:43  Zergling x2  
  22  1:53  Overlord  
  22  2:05  Overlord  
  22  2:15  Queen  
  24  2:18  Drone  
  24  2:21  Metabolic Boost  
  25  2:26  Drone x2  
  27  2:36  Drone x2  
  29  2:45  Drone x2  
  29  2:46  Drone x2  
  29  2:47  Drone  
  34  2:59  Overlord  
  34  3:01  Overlord  
  34  3:06  Drone  
  34  3:11  Drone, Roach Warren  
  35  3:25  Drone  
  36  3:28  Drone x6  
  36  3:30  Overlord  
  42  3:38  Zergling x2  
  43  3:58  Drone x8  
  43  4:02  Overlord x2  
  51  4:06  Extractor  
  51  4:07  Extractor x2  
  48  4:15  Lair  
  48  4:33  Drone x3  
  51  4:51  Roach x6  
  63  4:57  Overlord  
  63  4:58  Overlord  
  63  4:59  Overlord  
  63  5:04  Hatchery  
  62  5:13  Roach x6  
  74  5:17  Glial Reconstitution  
  74  5:23  Roach  
  74  5:24  Roach  
  78  5:38  Overseer  
  78  5:43  Roach x5  
  78  5:44  Roach x2, Overlord x2  
  92  6:02  Overlord x3  
  92  6:22  Roach x2  
  92  6:23  Roach x5  
  105  6:34  Roach x4  
  113  6:54  Queen  
  113  6:57  Roach x9  
  113  6:58  Overlord x3  
  113  7:00  Roach x2  
  137  7:14  Overlord x2  
  137  7:32  Drone x11  
  148  7:38  Evolution Chamber x2  
  148  7:40  Hydralisk Den  
  148  7:43  Queen  
  86  8:15  Extractor  
  86  8:16  Grooved Spines  
  86  8:17  Zerg Ground Armor Level 1, Zerg Missile Weapons Level 1, Extractor  
  70  8:24  Hydralisk x8  
  70  8:26  Hydralisk x5  
  84  8:44  Hydralisk x4  
  84  8:45  Hydralisk x2  
  84  8:47  Roach  
  98  8:59  Zergling x2  
  99  9:03  Zergling x2  
  99  9:04  Overseer  
  100  9:12  Overlord  
  100  9:14  Overlord  
  100  9:20  Hydralisk x3  
  100  9:21  Roach x6  
  118  9:27  Muscular Augments, Roach x2  
  121  9:59  Roach x11  
  143  10:02  Roach x3  
  131  10:28  Hydralisk x4  
  131  10:29  Hydralisk x2  
  131  10:30  Roach x3  
  147  11:00  Roach x12  
  143  11:31  Hydralisk x8  
  143  11:32  Hydralisk x2  
  125  11:53  Queen  
  127  11:57  Roach x7  
  140  12:16  Overseer  
  136  12:27  Hydralisk x5  
Tags
 
Add a new tag
Caveats
  • Supply blocks, unpowered buildings, or Contaminate may cause inaccurate times.
  • Supply counts are checked every 10 seconds.